 Dungeon Crawl Stone Soup version 0.28.0-43-g3370ac3207 (webtiles) character file.

Game seed: 3586767551161511803

209 experimilk the Gusty (level 5, 0/38 HPs)
             Began as a Draconian Air Elementalist on Mar 7, 2022.
             Was an Initiate of Fedhas.
             Slain by a gnoll shaman
             ... wielding a +0 whip
              (7 damage)
             ... on level 4 of the Dungeon on Mar 11, 2022.
             The game lasted 00:20:29 (5812 turns).

experimilk the Gusty (Draconian Air Elementalist)   Turns: 5812, Time: 00:20:30

Health: 0/38       AC:  6    Str: 10    XL:     5   Next: 55%
Magic:  0/8        EV: 12    Int: 18    God:    Fedhas [......]
Gold:   178        SH:  0    Dex: 11    Spells: 3/9 levels left

rFire   . . .      SeeInvis .   n - +0 hand axe (vorpal)
rCold   . . .      Faith    .   (no shield)
rNeg    . . .      Spirit   .   (armour unavailable)
rPois   .          Reflect  .   (helmet restricted)
rElec   .          Harm     .   g - +0 cloak
rCorr   .          Rampage  .   (no gloves)
Will    .....                   (no boots)
Stlth   ++........              (no amulet)
HPRegen 0.12/turn               (no ring)
MPRegen 0.11/turn               (no ring)

@: brilliant
A: AC +5, unfitting armour, cold-blooded
a: Renounce Religion


You were on level 4 of the Dungeon.
You worshipped Fedhas.
Fedhas was noncommittal.
You visited 2 branches of the dungeon, and saw 6 of its levels.

You collected 178 gold pieces.

Inventory:

Hand Weapons
 c - a +0 whip
 n - a +0 vorpal hand axe (weapon)
Missiles
 m - 5 atropa-tipped darts
Armour
 g - a +0 cloak (worn)
Jewellery
 j - an amulet of faith
 r - an amulet of guardian spirit
Wands
 o - a wand of polymorph (10)
Scrolls
 a - a scroll of enchant weapon {unknown}
 h - a scroll of enchant armour {unknown}
 l - a scroll of magic mapping {unknown}
 p - a scroll of fear {unknown}
 q - a scroll of fog {unknown}
Potions
 b - 2 potions of invisibility
 d - a potion of haste
 k - a potion of might {unknown}
 t - a potion of mutation {unknown}


   Skills:
 + Level 2.3 Dodging
 - Level 1.7 Stealth
 + Level 2.5 Spellcasting
 + Level 1.7 Conjurations
 * Level 5.6 Air Magic


You had 3 spell levels left.
You knew the following spells:

 Your Spells              Type           Power      Damage    Failure   Level
a - Shock                 Conj/Air       92%        1d8       3%          1
b - Static Discharge      Conj/Air       23%        N/A       6%          2
c - Swiftness             Air            33%        N/A       5%          3

Your spell library contained the following spells:

 Spells                   Type           Power      Damage    Failure   Level
 Apportation              Tloc           6%         N/A       17%         1
 Slow                     Hex            12%        N/A       17%         1
 Ensorcelled Hibernation  Hex/Ice        6%         N/A       26%         2
 Passwall                 Tmut/Erth      2%         N/A       26%         2
 Confusing Touch          Hex            3%         N/A       45%         3
 Vampiric Draining        Necr           3%         2d6       45%         3
 Airstrike                Air            16%        N/A       17%         4
 Alistair's Intoxication  Tmut/Pois      2%         N/A       99%         5


Dungeon Overview and Level Annotations

Branches:
Dungeon (5/15)             Temple (1/1) D:4

Altars:
Cheibriados
Dithmenos
Fedhas
Gozag
Kikubaaqudgha
Makhleb
Nemelex Xobeh
Ru
Wu Jian
Yredelemnul

Shops:
D:1 (

Portals:
Sewer: D:5


Innate Abilities, Weirdness & Mutations

Your plain brown scales are hard. (AC +5)
You cannot fit into any form of body armour.
You are cold-blooded and may be slowed by cold attacks.


Message History

Casting: Static Discharge (safe; 6% risk of failure)
Confirm with . or Enter, or press ? or * to list all spells.
You don't have enough magic to cast this spell.
Casting: Static Discharge (safe; 6% risk of failure)
Confirm with . or Enter, or press ? or * to list all spells.
Aiming: Shock (safe; 3% risk of failure)
Press: ? - help, Shift-Dir - straight line, f/p - gnoll shaman
Aim: a gnoll shaman, wielding a +0 whip and wearing a +0 leather armour (almost dead, 75% to hit)
The zap misses the gnoll shaman.
The gnoll shaman misses you.
You hit the gnoll shaman but do no damage.
Your tail-slap misses the gnoll shaman.
The gnoll shaman is almost dead.
The gnoll shaman prays to its god.
The gnoll shaman is healed somewhat.
You hit the gnoll shaman.
The gnoll shaman is almost dead.
The gnoll shaman hits you with a +0 whip.
You completely miss the gnoll shaman.
The gnoll shaman is almost dead.
The gnoll shaman prays to its god.
The gnoll shaman is healed somewhat.
The gnoll shaman hits you with a +0 whip!
* * * LOW HITPOINT WARNING * * *
Casting: Shock (safe; 3% risk of failure)
Confirm with . or Enter, or press ? or * to list all spells.
Aiming: Shock (safe; 3% risk of failure)
Press: ? - help, Shift-Dir - straight line, f/p - gnoll shaman
Aim: a gnoll shaman, wielding a +0 whip and wearing a +0 leather armour (severely wounded, 75% to hit)
The zap hits the gnoll shaman.
The gnoll shaman is almost dead.
The gnoll shaman misses you.
Your magical contamination has completely faded away.
It was a potion of curing.
You feel better.
The gnoll shaman hits you with a +0 whip.
* * * LOW HITPOINT WARNING * * *
It was a potion of brilliance.
You feel clever all of a sudden.
The gnoll shaman hits you with a +0 whip!
You die...
Fedhas appreciates your contribution to the ecosystem.

#.#g###.###......####.#..#######
#.......#############.#.....#
#.#.......#####...........#.#####
.....####.#.....#####..####.....#
#.#.## #.#.....# #..##....##.#
#.#.#####.#.....# #..##.##.##.#
#...............# #..##.#...#.#
###.#######.....#####...........#
#............g@................
###########....####.###.#.....##.
..# #.......## #.#....#######.
#.#####.(..########.#............
.....##....# #....####.########
...........# #.........## #
.....##...## #....###..(# #
########### #....###.#.## #
#########........#..# #


You could see a gnoll shaman.

Vanquished Creatures
  2 hounds (D:4)
  An orc wizard (D:4)
  A hound skeleton (D:2)
  5 adders
  An adder skeleton (D:4)
  A worm (D:2)
  11 orcs
  4 endoplasms
  2 giant cockroaches (D:1)
  7 goblins
  2 hobgoblins
  3 kobolds
  9 ball pythons
  A bat (D:3)
  5 frilled lizards (D:2)
  2 rats
57 creatures vanquished.

Notes
Turn   | Place    | Note
-------+----------+-------------------------------------------
     0 | D:1      | experimilk the Draconian Air Elementalist began the quest
                  | for the Orb.
     0 | D:1      | Reached XP level 1. HP: 14/14 MP: 3/3
   301 | D:1      | Found Genush's Weapon Boutique.
   418 | D:1      | Found a faded altar of an unknown god.
  1012 | D:2      | Reached XP level 2. HP: 20/20 MP: 0/5
  1069 | D:2      | Learned a level 2 spell: Static Discharge
  1350 | D:2      | Reached skill level 4 in Air Magic
  1504 | D:2      | Reached XP level 3. HP: 26/26 MP: 0/6
  1832 | D:2      | Learned a level 3 spell: Swiftness
  2028 | D:2      | Identified the +1 ring mail of Ohoin {MP-9 Str+4 Int+2
                  | SInv}
  2631 | D:3      | Found a shadowy altar of Dithmenos.
  2640 | D:3      | Reached XP level 4. HP: 33/33 MP: 3/7
  2722 | D:3      | Reached skill level 5 in Air Magic
  3690 | D:4      | Found a staircase to the Ecumenical Temple.
  3713 | Temple   | Entered the Ecumenical Temple
  3981 | Temple   | Became a worshipper of Fedhas Madash
  4350 | D:4      | Reached XP level 5. HP: 35/38 MP: 1/8
  5174 | D:5      | Entered Level 5 of the Dungeon
  5174 | D:5      | Found a glowing drain.
  5469 | D:4      | HP: 1/38 [gnoll shaman/+0 whip (4)]
  5812 | D:4      | Slain by a gnoll shaman

Illustrated notes

Levels and vault maps discovered:
D:1:      psy_arrival_radial02, layout_basic, serial_shops, nicolae_shop_trees,
          ebering_ecumenical_altar_hall, chequers_serial_rivers_micro_b
D:2:      layout_loops_ring, minmay_lizard_pond
D:3:      layout_basic, nicolae_dithmenos_through_a_glass_darkly,
          amcnicky_mini_corridor_feature, hangedman_decor_diamond_cutter
D:4:      layout_basic, minmay_temple_entry_glassed_door
D:5:      layout_basic, portal_sewer_entry_a, serial_shops, shop,
          eino_tiny_chamber, eino_curves_04, uniq_grinder, uniq_duvessa,
          uniq_ijyb
Temple:   nicolae_temple_figure_zero

Skill      XL: |  1  2  3  4 |
---------------+-------------+-----
Air Magic      | 4 5 |  5.6
Dodging        | 2 |  2.3
Stealth        | |  1.7
Spellcasting   | |  2.5
Conjurations   | |  1.7

Action                   |  1- 3 |  4- 6 || total
-------------------------+-------+-------++-------
Melee: Whip              |    26 |     5 ||    31
       Tailslap          |     4 |     3 ||     7
       Unarmed           |     1 |       ||     1
       Hand axe          |       |    32 ||    32
       Punch             |       |     1 ||     1
 Cast: Shock             |    47 |    48 ||    95
       Static Discharge  |     7 |    21 ||    28
  Use: Scroll            |       |     4 ||     4
       Potion            |       |     2 ||     2
Armor: Skin              |     6 |    30 ||    36
Dodge: Dodged            |    30 |    37 ||    67
